 Dungeon Crawl Stone Soup version 0.21-a0-128-gf2b353c (webtiles) character file.

97 Lianjan the Vexing (level 4, -1/30 HPs)
             Began as a Vampire Enchanter on July 16, 2017.
             Shot with an arrow by a centaur (8 damage)
             ... on level 3 of the Dungeon.
             The game lasted 00:08:38 (3556 turns).

Lianjan the Vexing (Vampire Enchanter)              Turns: 3556, Time: 00:08:39

Health: -1/30      AC:  0    Str:  7    XL:     4   Next: 42%
Magic:  2/8        EV: 20    Int: 18    God:
Gold:   94         SH:  0    Dex: 19    Spells: 5/8 levels left

rFire    . . .     SeeInvis +   (weapon currently unavailable)
rCold    + . .     Gourm    .   (shield currently unavailable)
rNeg     + + .     Faith    .   (armour currently unavailable)
rPois    +         Spirit   .   (helmet currently unavailable)
rElec    .         Reflect  .   (cloak currently unavailable)
rCorr    .         Harm     .   (gloves currently unavailable)
MR       .....                  (boots currently unavailable)
Stlth    +++++.....             (no amulet)
HPRegen  0.05/turn              (ring currently unavailable)
MPRegen  0.11/turn              (ring currently unavailable)

@: bat-form, flying, regenerating slowly, very quick
A: fangs 3, see invisible
a: End Transformation


You were on level 3 of the Dungeon.
You were thirsty.
You were in vampire-bat-form.
You visited 1 branch of the dungeon, and saw 3 of its levels.

You collected 94 gold pieces.

Inventory:

Hand Weapons
 a - a +1 dagger (melded)
Missiles
 b - 104 stones (quivered)
 g - 29 poisoned needles
 k - 2 needles of confusion
 l - 5 curare-tipped needles
 n - 20 sling bullets
Armour
 h - a +0 ring mail (melded)
Jewellery
 r - an uncursed ring of protection from fire {unknown}
Scrolls
 m - a scroll of enchant weapon {unknown}
 o - 2 scrolls of remove curse {unknown}
 p - a scroll of random uselessness {unknown}
 s - a scroll of identify
 t - a scroll of noise {unknown}
Potions
 d - 9 potions of blood
 e - a potion of magic
 f - 2 potions of ambrosia
 i - a potion of might {unknown}
 j - 2 potions of heal wounds {unknown}
 q - a potion of flight {unknown}
Books
 c - a book of Maledictions

   Spells                             Type                      Level
   a - Corona                         Hexes                        1
   b - Ensorcelled Hibernation        Hexes/Ice                    2
   c - Confuse                        Hexes                        3
   d - Tukima's Dance                 Hexes                        3
   e - Dazzling Spray                 Conjuration/Hexes            3


   Skills:
 - Level 1.1 Short Blades
 - Level 2.4 Dodging
 + Level 5.2 Stealth
 + Level 2.6 Spellcasting
 + Level 5.2 Hexes
 * Level 2.2 Ice Magic


You had 5 spell levels left.
You knew the following spells:

 Your Spells              Type           Power        Failure   Level  Hunger
a - Corona                Hex            ###....      1%          1    #......
b - Ensorcelled Hibernat  Hex/Ice        ###...       5%          2    ##.....


Dungeon Overview and Level Annotations

Branches:
Dungeon (3/15)

Altars:
Cheibriados
Elyvilon
Wu Jian
The Shining One


Innate Abilities, Weirdness & Mutations

You heal slowly.
You have razor-sharp teeth.
You have supernaturally acute eyesight. (SInv)
((You can survive without breathing.))


Message History

Press: ? - help, Shift-Dir - straight line, f - centaur
Aim: a centaur (severely wounded, chance to defeat MR: 60%)
The centaur struggles to resist.
The centaur barely misses you. The centaur hits you.
You closely miss the centaur.
The centaur is severely wounded.
The centaur closely misses you.
You hit the centaur but do no damage.
The centaur is severely wounded.
The centaur hits you.
You hit the centaur.
The centaur is almost dead.
The centaur hits you.
* * * LOW HITPOINT WARNING * * *
The centaur hits you but does no damage.
You turn into a vampire bat.
Your +1 dagger melds into your body.
Your +0 ring mail melds into your body.
The centaur misses you.
The centaur wields an uncursed shortbow.
The centaur shoots an arrow.
The arrow hits you!
You die...

#.##.# #.##
#....# #.##
##.##.# #...
####.#(#.###..#
##...###........
#.###.#.#.######
#.# ##.##.#
#.######.#
#.##.######
#.$.c.b.(#
#.##.......
....########
##.##..##### #
#......#
##.##.## #.##.#
#.##.# #.##.#
#.##.# #.##.#


You could see a centaur.

Vanquished Creatures
  3 adders
  A worm (D:2)
  4 dart slugs
  A leopard gecko (D:1)
  5 orcs (D:3)
  A ball python (D:3)
  9 hobgoblins
  6 jackals
  3 kobolds
  3 bats
  7 frilled lizards
  3 goblins
  7 rats
53 creatures vanquished.

Notes
Turn   | Place    | Note
-------+----------+-------------------------------------------
     0 | D:1      | Lianjan the Vampire Enchanter began the quest for the Orb.
     0 | D:1      | Reached XP level 1. HP: 13/13 MP: 3/3
   987 | D:1      | Reached XP level 2. HP: 15/19 MP: 3/5
  1161 | D:1      | Learned a level 2 spell: Ensorcelled Hibernation
  1665 | D:1      | Reached skill level 1 in Ice Magic
  1954 | D:2      | Found a glowing golden altar of the Shining One.
  1955 | D:2      | Reached skill level 5 in Hexes
  1955 | D:2      | Reached XP level 3. HP: 24/24 MP: 6/6
  2181 | D:2      | Found an ornate altar of the Wu Jian Council.
  2195 | D:2      | Found a white marble altar of Elyvilon.
  2341 | D:2      | Reached skill level 5 in Stealth
  2849 | D:2      | Reached XP level 4. HP: 30/30 MP: 7/7
  3416 | D:3      | Found a snail-covered altar of Cheibriados.
  3539 | D:3      | Noticed a centaur
  3556 | D:3      | Shot with an arrow by a centaur

Vault maps used:
D:1:      onia_arrival_mini_maze_b, minmay_tromino_mix6
D:2:      nicolae_overflow_crystal_walls, overflow_temple_1_default,
          overflow_temple_1_default, first_bread
D:3:      old_standard_altar, kennysheep_generic_room_2

Skill      XL: |  1  2  3  4 |
---------------+-------------+-----
Ice Magic      | 1 2 |  2.2
Hexes          | 5 |  5.2
Stealth        | 5 |  5.2
Short Blades   | |  1.1
Dodging        | |  2.4
Spellcasting   | |  2.6

Action                   |  1- 3 |  4- 6 || total
-------------------------+-------+-------++-------
Melee: Dagger            |   110 |    46 ||   156
       Bite              |    10 |     1 ||    11
 Cast: Corona            |     4 |     1 ||     5
       Ensorcelled Hiber |    22 |    11 ||    33
 Abil: Bat Form          |       |     1 ||     1
  Use: Scroll            |       |     2 ||     2
       Potion            |       |     2 ||     2
 Stab: Sleeping          |    25 |    11 ||    36
Armor: Robe              |     4 |       ||     4
       Leather armour    |     2 |       ||     2
       Ring mail         |    24 |    11 ||    35
Dodge: Dodged            |    56 |    24 ||    80
